 Dungeon Crawl Stone Soup version 0.29.1-15-g9cfb28693d (webtiles) character file.

Game seed: 13449206604307071156

172 javelincjr the Magician (level 5, -4/39 HPs)
             Began as a Djinni Conjurer on Mar 20, 2023.
             Was a Follower of Okawaru.
             Killed from afar by Ijyb (13 damage)
             ... with a bolt of dispelling energy
             ... on level 3 of the Dungeon.
             The game lasted 00:05:54 (3440 turns).

javelincjr the Magician (Djinni Conjurer)           Turns: 3440, Time: 00:05:54

Health: -4/39      AC:  2    Str:  8    XL:     5   Next: 82%
Gold:   178        EV: 12    Int: 20    God:    Okawaru [*.....] SH:  0 Dex: 11

rFire   + + .      SeeInvis .   g - +2 dagger (drain)
rCold   x . .      Faith    .   (no shield)
rNeg    + . .      Spirit   .   a - +0 robe
rPois   ∞          Reflect  .   (no helmet)
rElec   .          Harm     .   (no cloak)
rCorr   .          Rampage  .   (no gloves)
Will    .....                   (boots unavailable)
Stlth   ++........              (no amulet)
HPRegen 0.13/turn               d - ring of positive energy
MPRegen 0.00/turn               (no ring)

@: flying
A: sickness immunity, fire resistance 2, cold vulnerability 1, float, innate
caster, HP casting, extra vitality 1
a: Renounce Religion, Heroism


You were on level 3 of the Dungeon.
You worshipped Okawaru.
Okawaru was aware of your devotion.
You visited 1 branch of the dungeon, and saw 3 of its levels.

You collected 178 gold pieces.

Inventory:

Hand Weapons
 g - a +2 dagger of draining (weapon)
 q - a +2 vorpal sling
Armour
 a - a +0 robe (worn)
Jewellery
 d - a ring of positive energy (left hand)
 f - an amulet of the acrobat
Scrolls
 b - 2 scrolls of blinking {unknown}
 i - a scroll of amnesia {unknown}
 l - a scroll of silence {unknown}
 o - a scroll of enchant armour {unknown}
 p - a scroll of enchant weapon {unknown}
Potions
 c - 3 potions of haste {unknown}
 e - 2 potions of curing {unknown}
 h - a potion of mutation {unknown}
 j - a potion of lignification {unknown}
 k - 2 potions of berserk rage {unknown}
 m - a potion of might {unknown}
 n - a potion of magic {unknown}


   Skills:
 * Level 2.4 Fighting
 + Level 3.5 Dodging
 - Level 2.1 Stealth
 * Level 4.1 Spellcasting


You couldn't memorise any spells.
You knew the following spells:

 Your Spells              Type           Power      Damage    Failure   Level
a - Magic Dart            Conj           80%        1d7       2%          1
b - Searing Ray           Conj           40%        2d5       3%          2
c - Dazzling Flash        Conj/Hex       40%        N/A       7%          3
d - Fulminant Prism       Conj/Hex       10%        3d9       24%         4
e - Iskenderun's Mystic   Conj/Tloc      20%        2d6       24%         4
f - Summon Small Mammal   Summ           80%        N/A       2%          1
g - Ensorcelled Hibernat  Hex/Ice        40%        N/A       3%          2
Your spell library was empty.

Dungeon Overview and Level Annotations

Branches:
Dungeon (3/15)

Altars:
Elyvilon
Okawaru

Annotations:
D:3 Ijyb


Innate Abilities, Weirdness & Mutations

You are immune to sickness and miasma.
You are immune to poison.
Your flesh is very heat resistant. (rF++)
You are vulnerable to cold. (rC-)
You float through the air rather than walking.
You learn spells naturally, not from books.
Your magical power is your life essence.
You have superior vitality. (+4 MHP)


Message History

You closely miss the hobgoblin.
The hobgoblin hits you but does no damage.
You hit the hobgoblin.
The hobgoblin is moderately wounded.
The hobgoblin hits you.
You hit the hobgoblin but do no damage. You drain the hobgoblin.
The hobgoblin is severely wounded.
The hobgoblin closely misses you.
You hit the hobgoblin.
You kill the hobgoblin!
Okawaru accepts your kill.
A quokka comes into view.
Found a white marble altar of Elyvilon.
You see here a +2 vorpal sling.
You miss the quokka. The quokka closely misses you.
You hit the quokka.
The quokka is heavily wounded.
The quokka bites you but does no damage.
You hit the quokka.
The quokka is severely wounded.
The quokka bites you. The quokka barely misses you.
You closely miss the quokka.
The quokka is severely wounded.
The quokka barely misses you.
You hit the quokka but do no damage. You drain the quokka.
You kill the quokka!
Okawaru accepts your kill.
q - a +2 vorpal sling Ijyb the Twisted Goblin comes into view.
She is wielding a +0 club and carrying a wand of quicksilver (9).
Ijyb shouts!
Ijyb zaps a wand.
The bolt of dispelling energy hits you!
You hit Ijyb but do no damage.
Ijyb zaps a wand.
The bolt of dispelling energy hits you!
You are too injured to fight recklessly!
You closely miss Ijyb. Ijyb hits you with a +0 club.
* * * LOW HITPOINT WARNING * * *
You hit Ijyb but do no damage. You drain Ijyb.
Ijyb is lightly wounded.
Ijyb zaps a wand.
The bolt of dispelling energy hits you!
You die...

#.# #.......... #.#
#.#.#.#.#.#.#.. .
##.####.............#.#
#.........⌠.....⌠...#?#
#...##......._........
#...###...⌠.....⌠...#
....# #............. ###
#.#.###.#.#.#.#.#g#.....
#.....#.........@...#
###.#.####.##########
###.#.####.#
....#......#
############


You could see Ijyb (very drained).

Vanquished Creatures
  4 orc wizards (D:3)
  An adder (D:3)
  A worm (D:2)
  4 dart slugs
  5 orcs (D:3)
  5 endoplasms
  4 goblins (D:1)
  6 hobgoblins
  3 jackals (D:1)
  3 quokkas
  2 ball pythons
  3 bats
  3 frilled lizards
  2 rats (D:1)
46 creatures vanquished.

Vanquished Creatures (collateral kills)
  A jackal (D:1)
1 creature vanquished.

Vanquished Creatures (others)
  5 fungi (D:3)
  6 plants (D:3)
  4 toadstools (D:1)
15 creatures vanquished.

Grand Total: 62 creatures vanquished

Notes
Turn   | Place    | Note
-------+----------+-------------------------------------------
     0 | D:1      | javelincjr the Djinni Conjurer began the quest for the Orb.
     0 | D:1      | javelincjr set off with the following spells memorised:
                  | Magic Dart, Searing Ray, Dazzling Flash, Fulminant Prism,
                  | Iskenderun's Mystic Blast.
     0 | D:1      | Reached XP level 1. HP: 15/15 MP: 0/0
   208 | D:1      | Reached XP level 2. HP: 18/21 MP: 0/0
   769 | D:1      | Reached XP level 3. HP: 15/25 MP: 0/0
   769 | D:1      | Learned a level 1 spell: Summon Small Mammal
  2215 | D:3      | Reached XP level 4. HP: 31/31 MP: 0/0
  2216 | D:3      | Reached skill level 1 in Fighting
  2334 | D:3      | Reached XP level 5. HP: 6/38 MP: 0/0
  2334 | D:3      | Learned a level 2 spell: Ensorcelled Hibernation
  2607 | D:3      | Reached skill level 4 in Spellcasting
  2935 | D:3      | Found a faded altar of an unknown god.
  2948 | D:3      | Prayed at the altar of an unknown god.
  2948 | D:3      | Became a worshipper of Warmaster Okawaru
  2948 | D:3      | Reached * piety under Okawaru
  3370 | D:3      | Found a white marble altar of Elyvilon.
  3436 | D:3      | Noticed Ijyb
  3440 | D:3      | Killed from afar by Ijyb

Illustrated notes

Levels and vault maps discovered:
D:1:      ldierk_water_garden, layout_loops_corners, minivault_19
D:2:      layout_rooms, eino_curves_01, hangedman_abyss_or_decor_lesser_grid
D:3:      layout_loops_cross, mainiacjoe_overflow_six_doors_small,
          elyvilon_altar_5, shapermc_ecumenical_altar_mp_urbaneastern,
          minmay_misc_feat_encased, uniq_ijyb

Skill      XL: |  1  2  3  4  5 |
---------------+----------------+-----
Stealth        | 2 |  2.1
Fighting       | 1 2 |  2.4
Dodging        | 3 |  3.5
Spellcasting   | 4 |  4.1

Action                   |  1- 3 |  4- 6 || total
-------------------------+-------+-------++-------
Melee: Dagger            |    32 |    55 ||    87
 Cast: Magic Dart        |    44 |    15 ||    59
       Summon Small Mamm |     5 |       ||     5
       Searing Ray       |       |     4 ||     4
 Stab: Sleeping          |     2 |       ||     2
Armor: Robe              |     7 |     8 ||    15
Dodge: Dodged            |    20 |    19 ||    39
